 Dungeon Crawl Stone Soup version 0.28.0-53-g5a82cb258f (webtiles) character file.

Game seed: 3735463829703212639

21469 Peloso the Carver (level 12, -4/106 HPs)
             Began as a Minotaur Fighter on June 7, 2022.
             Was a High Priest of Okawaru.
             Slain by an eight-headed hydra (12 damage)
             ... on level 13 of the Dungeon.
             The game lasted 00:31:44 (15591 turns).

Peloso the Carver (Minotaur Fighter)               Turns: 15591, Time: 00:31:45

Health: -4/106     AC: 20    Str: 24    XL:     12   Next: 54%
Magic:  22/22      EV: 11    Int:  5    God:    Okawaru [*****.]
Gold:   824        SH: 13    Dex: 18    Spells: 11/11 levels left

rFire   . . .      SeeInvis .   a - +0 long sword (elec)
rCold   + . .      Faith    .   e - +0 buckler
rNeg    . . .      Spirit   .   O - +0 chain mail "Sodon" {Slay+3}
rPois   +          Reflect  +   L - +2 hat {Stlth+}
rElec   .          Harm     .   s - +0 cloak
rCorr   .          Rampage  .   n - +1 pair of gloves of Tartarus {rC+}
Will    .....                   q - +0 pair of boots
Stlth   ..........              h - amulet of reflection
HPRegen 0.27/turn               D - +6 ring of dexterity
MPRegen 0.18/turn               Q - ring of Vodwuec {rPois MP+9}

@: mighty, invisible
A: horns 2, retaliatory headbutt
a: Renounce Religion, Heroism, Finesse, Duel


You were on level 13 of the Dungeon.
You worshipped Okawaru.
Okawaru was extremely pleased with you.
You visited 2 branches of the dungeon, and saw 14 of its levels.
You also visited: Sewer, Bailey and Gauntlet.

You collected 839 gold pieces.
You spent 15 gold pieces at shops.

Inventory:

Hand Weapons
 a - a +0 long sword of electrocution (weapon)
 b - a +1 morningstar of flaming
 c - a +3 falchion
Missiles
 M - 3 throwing nets (quivered)
Armour
 e - a +0 buckler (worn)
 k - a +0 chain mail of fire resistance
 m - a +0 pair of gloves
 n - the +1 pair of gloves of Tartarus (worn) {rC+}
   (You found it in a Gauntlet)

   rC:        It protects you from cold.
 q - a +0 pair of boots (worn)
 s - a +0 cloak (worn)
 u - a +1 hat
 L - a +2 hat of stealth (worn)
 N - a +2 chain mail of cold resistance
 O - the +0 chain mail "Sodon" (worn) {Slay+3}
   (Okawaru gifted it to you on level 11 of the Dungeon)

   Slay:      It affects your accuracy & damage with ranged weapons and melee
   (+3).
 R - a +3 scale mail of poison resistance
 T - the -3 hat of Gewkatt {+Blink Str+3 Slay+3}
   (You found it in a Gauntlet)

   Str:       It affects your strength (+3).
   Slay:      It affects your accuracy & damage with ranged weapons and melee
   (+3).
   +Blink:    It lets you blink.
Jewellery
 h - an amulet of reflection (around neck)
 v - an amulet of faith
 z - a +6 ring of intelligence
 D - a +6 ring of dexterity (left hand)
 F - a ring of positive energy
 Q - the ring of Vodwuec (right hand) {rPois MP+9}
   (You found it in a Gauntlet)

   [ring of magical power]

   rPois:     It protects you from poison.
   MP:        It affects your magic capacity (+9).
Wands
 o - a wand of digging (10)
 y - a wand of paralysis (8)
 A - a wand of polymorph (21)
 U - a wand of flame (10)
Scrolls
 j - 2 scrolls of silence {unknown}
 r - 2 scrolls of brand weapon
 t - 3 scrolls of fog
 x - 3 scrolls of enchant armour {unknown}
 H - 2 scrolls of enchant weapon {unknown}
 I - a scroll of acquirement
 J - a scroll of amnesia {unknown}
 P - a scroll of identify
Potions
 d - 2 potions of might
 f - 3 potions of resistance
 g - 3 potions of mutation
 i - 2 potions of cancellation
 B - 2 potions of degeneration
 E - 3 potions of flight
 K - a potion of curing
Miscellaneous
 S - a phial of floods


   Skills:
 + Level 10.1 Fighting
 + Level 14.0 Long Blades
 + Level 2.2 Maces & Flails
 + Level 12.1 Armour
 + Level 5.1 Dodging
 + Level 1.9 Stealth
 + Level 12.9 Shields
 + Level 3.5 Invocations
 + Level 0.9 Evocations


You had 11 spell levels left.
You didn't know any spells.
Your spell library contained the following spells:

 Spells                   Type           Power      Damage    Failure   Level
 Beastly Appendage        Tmut           0%         N/A       97%         1
 Pain                     Necr           0%         1d4       97%         1
 Ensorcelled Hibernation  Hex/Ice        0%         N/A       99%         2
 Passwall                 Tmut/Erth      0%         N/A       99%         2
 Wereblood                Tmut           0%         N/A       99%         2
 Spider Form              Tmut/Pois      0%         N/A       100%        3
 Swiftness                Air            0%         N/A       100%        3
 Vampiric Draining        Necr           0%         2d6       100%        3
 Anguish                  Hex/Necr       0%         N/A       100%        4
 Passage of Golubria      Tloc           0%         N/A       100%        4
 Blade Hands              Tmut           0%         N/A       100%        5
 Fireball                 Conj/Fire      0%         3d3       100%        5
 Iskenderun's Battlesphe  Conj           0%         2d6       100%        5
 Yara's Violent Unravell  Hex/Tmut       0%         3d3       100%        5
 Conjure Ball Lightning   Conj/Air       0%         3x3d6     100%        6
 Iron Shot                Conj/Erth      0%         9d1       100%        6
 Orb of Destruction       Conj           0%         9d5       100%        7
 Animate Skeleton         Necr           Unusable   N/A       N/A         1
 Tukima's Dance           Hex            Unusable   N/A       N/A         3
 Animate Armour           Summ/Erth      Unusable   N/A       N/A         4

Dungeon Overview and Level Annotations

Branches:
Dungeon (14/15)            Temple (1/1) D:5            Lair (0/6) D:8
    Orc (0/2) D:11         Vaults (0/5) D:13          Sewer (visited)
 Bailey (visited)         Gauntlet (visited)

Altars:
Ashenzari
Cheibriados
Dithmenos
Elyvilon
Fedhas
Gozag
Hepliaklqana
Kikubaaqudgha
Makhleb
Nemelex Xobeh
Okawaru
Qazlal
Ru
Sif Muna
Trog
Uskayaw
Vehumet
Wu Jian
Xom
Yredelemnul
Zin
The Shining One

Shops:
D:3 =   D:7 **[   D:10 !   D:11 =(*


Innate Abilities, Weirdness & Mutations

You have a pair of horns on your head.
You reflexively headbutt those who attack you in melee.


Message History

Okawaru accepts your kill.
You slice the wraith!! You headbutt the wraith.
The wraith is severely damaged.
You slash the wraith!
You destroy the wraith!
Okawaru accepts your kill.
You hit the skeletal warrior.
The skeletal warrior is lightly damaged.
You block the skeletal warrior's attack.
You hit the skeletal warrior but do no damage.
Lightning courses through the skeletal warrior!
The skeletal warrior is moderately damaged.
You catch the helpless skeletal warrior completely off-guard!
You hit the skeletal warrior. You headbutt the skeletal warrior!
The skeletal warrior is moderately damaged.
You block the skeletal warrior's attack.
You slice the skeletal warrior!!
Lightning courses through the skeletal warrior!
The skeletal warrior is almost destroyed.
The skeletal warrior barely misses you. You furiously retaliate!
You headbutt the skeletal warrior!
You destroy the skeletal warrior!
Okawaru accepts your kill. As you open the door, it creaks loudly!
Found a barding.
Found 24 sling bullets.
There is an open door here.
You see here a +0 barding.
You open the door.
The eight-headed hydra bites you but does no damage.
The eight-headed hydra closely misses you.
The eight-headed hydra bites you!
* * * LOW HITPOINT WARNING * * *
The eight-headed hydra closely misses you.
The eight-headed hydra bites you but does no damage. x4
There is an open door here.
You open the door.
A two-headed ogre comes into view. It is wielding two +0 giant clubs.
The eight-headed hydra bites you!
You die...

**#####***** ############
*,.....,,,,* #####..(.......#
*......,,,,*
z...#..........###......,,,,*
###.#..........#.'.....O,<,,*
#.#..........#@#,,,,,,,,,,*
#.'...[......D.#,,,,,,,,,,*
###..........###,,,,,,,,,,*
#########+## *,,,,,,,,,,*
*,,* *,,,,,,,,,,* ** *,**
*******+**** ,* *,* *,,,* ,**
*,* *,*** ,,#########*,***
####+######


You could see an eight-headed hydra and a two-headed ogre (wandering).

Vanquished Creatures
  Gastronok (D:11)
  An orc warlord (Bailey)
  A quicksilver ooze (Gauntlet)
  A minotaur (Gauntlet)
  Erolcha (D:11)
  A hydra (D:8)
  Harold (D:11)
  2 centaur warriors
  2 two-headed ogres
  A soul eater (Gauntlet)
  A skeletal warrior (D:13)
  4 cyclopes
  A manticore (D:8)
  A guardian serpent (D:14)
  A guardian serpent (shapeshifter) (D:8)
  A kobold demonologist (D:10)
  A hornet (D:8)
  4 shadows
  2 wraiths (D:13)
  Eustachio (D:5)
  A basilisk (D:13)
  11 yaks
  A steam dragon (D:6)
  5 vampire mosquitoes
  Menkaure (D:4)
  2 acid dragons
  A black bear (D:5)
  11 orc warriors
  A necrophage (D:8)
  3 ogres (D:5)
  6 centaurs
  A phantom (D:6)
  17 kobold brigands
  7 bullfrogs
  A gnoll sergeant (D:11)
  5 scorpions
  2 water moccasin skeletons
  3 killer bees (D:8)
  11 wights
  A howler monkey (D:5)
  An electric eel (D:9)
  2 centaur zombies
  A bullfrog zombie (D:6)
  A gnoll shaman (D:5)
  2 hounds
  An iguana (D:7)
  A jelly (D:5)
  6 orc priests
  Terence (D:3)
  5 orc wizards
  A hound skeleton (D:4)
  2 howler monkey zombies
  12 adders
  9 gnolls
  4 river rats (Sewer)
  2 shadow imps (Gauntlet)
  2 worms
  5 dart slugs
  31 orcs
  7 endoplasms
  2 giant cockroaches (D:3)
  12 goblins
  15 hobgoblins
  4 jackals (D:1)
  23 kobolds
  2 quokkas
  14 ball pythons
  3 bats (D:3)
  3 frilled lizards
  A quokka skeleton (D:4)
  30 rats
325 creatures vanquished.

Notes
Turn   | Place    | Note
-------+----------+-------------------------------------------
     0 | D:1      | Peloso the Minotaur Fighter began the quest for the Orb.
     0 | D:1      | Reached XP level 1. HP: 19/19 MP: 0/0
   208 | D:1      | Found a faded altar of an unknown god.
   374 | D:1      | Reached XP level 2. HP: 27/27 MP: 1/1
  1502 | D:2      | Reached XP level 3. HP: 31/33 MP: 2/2
  2180 | D:3      | Reached skill level 3 in Long Blades
  2700 | D:3      | Noticed Terence
  2710 | D:3      | Killed Terence
  2711 | D:3      | Reached skill level 4 in Long Blades
  2711 | D:3      | Reached XP level 4. HP: 29/40 MP: 3/3
  3125 | D:3      | Found Cemuawal's Jewellery Emporium.
  3189 | D:4      | Noticed a yak
  3189 | D:4      | Noticed a yak
  3190 | D:4      | Noticed a yak
  3200 | D:3      | Killed a yak
  3201 | D:3      | Reached skill level 5 in Long Blades
  3201 | D:3      | Reached XP level 5. HP: 10/47 MP: 4/4
  3460 | D:3      | Killed a yak
  3461 | D:3      | Reached skill level 5 in Armour
  3461 | D:3      | Reached XP level 6. HP: 30/53 MP: 5/5
  3601 | D:3      | Killed a yak
  3602 | D:3      | Reached skill level 6 in Long Blades
  3602 | D:3      | Reached skill level 1 in Dodging
  3602 | D:3      | Reached skill level 5 in Shields
  3602 | D:3      | Reached XP level 7. HP: 58/60 MP: 6/6
  3632 | D:4      | Noticed Menkaure
  3789 | D:4      | Killed Menkaure
  3914 | D:4      | Reached skill level 5 in Fighting
  4391 | D:4      | Reached skill level 7 in Long Blades
  4822 | D:5      | Entered Level 5 of the Dungeon
  4892 | D:5      | Reached XP level 8. HP: 58/68 MP: 7/7
  5135 | D:5      | Found a staircase to the Ecumenical Temple.
  5150 | Temple   | Entered the Ecumenical Temple
  5218 | Temple   | Became a worshipper of Warmaster Okawaru
  5320 | D:5      | Noticed Eustachio
  5357 | D:5      | Killed Eustachio
  5358 | D:5      | Reached skill level 8 in Long Blades
  5802 | D:5      | Reached * piety under Okawaru
  5949 | D:6      | Found a glowing drain.
  5975 | D:6      | Reached skill level 9 in Long Blades
  5997 | Sewer    | Entered a sewer
  6143 | Sewer    | Reached XP level 9. HP: 74/75 MP: 8/8
  7115 | D:7      | Found Basiynul's Assorted Antiques.
  7190 | D:7      | Noticed a cyclops
  7203 | D:7      | Killed a cyclops
  7203 | D:7      | Reached ** piety under Okawaru
  7206 | D:7      | Found Ybbydwib's Armour Boutique.
  7352 | D:7      | Found Ygoteih's General Store.
  7370 | D:7      | Reached skill level 10 in Long Blades
  7830 | D:7      | Noticed a cyclops
  7839 | D:7      | Killed a cyclops
  8188 | D:8      | Found a white marble altar of Elyvilon.
  8230 | D:8      | Reached XP level 10. HP: 76/84 MP: 9/9
  8552 | D:8      | Found a staircase to the Lair.
  9264 | D:8      | Noticed a two-headed ogre
  9268 | D:8      | Reached *** piety under Okawaru
  9268 | D:8      | Noticed a death knight
  9269 | D:8      | Reached skill level 1 in Stealth
  9285 | D:7      | Killed a two-headed ogre
  9286 | D:7      | Reached skill level 11 in Long Blades
  9286 | D:7      | Reached skill level 1 in Invocations
  9525 | D:8      | Noticed a manticore
  9542 | D:8      | Killed a manticore
  9550 | D:8      | Noticed a guardian serpent
  9562 | D:8      | Killed a guardian serpent
  9636 | D:8      | Reached skill level 10 in Armour
  9730 | D:8      | Noticed a seven-headed hydra
  9757 | D:8      | Killed a seven-headed hydra
  9758 | D:8      | Reached skill level 10 in Shields
  9871 | D:8      | Noticed a centaur warrior
  9887 | D:8      | Killed a centaur warrior
  9888 | D:8      | Reached skill level 1 in Maces & Flails
 10275 | D:9      | Reached **** piety under Okawaru
 10717 | D:8      | Received a gift from Okawaru
 10786 | D:8      | Reached XP level 11. HP: 90/94 MP: 11/11
 11319 | D:10     | Entered Level 10 of the Dungeon
 11375 | D:10     | Found Fyekox's Distillery.
 11425 | D:10     | Found a flagged portal.
 11433 | Bailey   | Entered a bailey
 11601 | Bailey   | Noticed an orc warlord
 11781 | Bailey   | Reached skill level 12 in Long Blades
 11811 | Bailey   | Found a runed translucent gate.
 11817 | Bailey   | Found a runed translucent gate.
 11819 | Bailey   | Found a runed translucent gate.
 11932 | Bailey   | Killed an orc warlord
 12402 | D:10     | Bought a potion of degeneration for 15 gold pieces
 12818 | D:11     | Found a staircase to the Orcish Mines.
 12819 | D:11     | Noticed Erolcha
 12825 | D:11     | Killed Erolcha
 12850 | D:11     | Noticed a two-headed ogre
 12855 | D:11     | Killed a two-headed ogre
 12979 | D:11     | Noticed Gastronok
 12997 | D:11     | Killed Gastronok
 12997 | D:11     | Reached ***** piety under Okawaru
 13049 | D:11     | Noticed Harold
 13058 | D:11     | Killed Harold
 13120 | D:11     | Found Zinaa's General Store.
 13121 | D:11     | Identified the +1 dagger of Xal Meul {speed, Stlth+}
 13319 | D:11     | Reached skill level 13 in Long Blades
 13378 | D:11     | Identified the +0 chain mail "Sodon" {Slay+3} (Okawaru
                  | gifted it to you on level 11 of the Dungeon)
 13378 | D:11     | Received a gift from Okawaru
 13492 | D:11     | Found Qully's Jewellery Shoppe.
 13508 | D:11     | Found Nias's Antique Weapon Boutique.
 13992 | D:10     | Reached XP level 12. HP: 103/105 MP: 13/13
 14499 | D:11     | You fall into a shaft and drop 3 floors!
 14616 | D:13     | Found a gate to the Vaults.
 14621 | D:13     | Found a gate leading to a gauntlet.
 14621 | D:13     | Noticed a centaur warrior
 14624 | Gauntlet | Entered a Gauntlet
 14624 | Gauntlet | Found a transporter.
 14624 | Gauntlet | Found a runed translucent door.
 14624 | Gauntlet | Found a transporter.
 14626 | Gauntlet | Found a runed translucent door.
 14627 | Gauntlet | Found a transporter.
 14627 | Gauntlet | Found a transporter.
 14630 | Gauntlet | Found a transporter.
 14649 | Gauntlet | Found a transporter.
 14651 | Gauntlet | Found a transporter.
 14688 | Gauntlet | Found a transporter.
 14691 | Gauntlet | Found a transporter.
 14691 | Gauntlet | Found a transporter.
 14705 | Gauntlet | Found the brooch of Shielding {Spirit SH+8}
 14708 | Gauntlet | Found a transporter.
 14722 | Gauntlet | Found a transporter.
 14732 | Gauntlet | Found a transporter.
 14733 | Gauntlet | Noticed a quicksilver ooze
 14755 | Gauntlet | Found a transporter.
 15132 | Gauntlet | Identified the +1 pair of gloves of Tartarus {rC+}
 15208 | Gauntlet | Killed a quicksilver ooze
 15209 | Gauntlet | Reached skill level 5 in Dodging
 15215 | Gauntlet | Identified the ring of Vodwuec {rPois MP+9}
 15345 | Gauntlet | Noticed a minotaur
 15351 | Gauntlet | Killed a minotaur
 15362 | Gauntlet | Identified the -3 hat of Gewkatt {+Blink Str+3 Slay+3}
 15373 | Gauntlet | Got the Catalogue of Mutagenic Companions
 15382 | D:13     | Killed a centaur warrior
 15383 | D:13     | Reached skill level 14 in Long Blades
 15407 | D:13     | Reached skill level 10 in Fighting
 15446 | D:13     | Noticed an eight-headed hydra
 15560 | D:13     | HP: 2/106 [vampire mosquito (5)]
 15591 | D:13     | Noticed a two-headed ogre
 15591 | D:13     | Slain by an eight-headed hydra

Illustrated notes

Levels and vault maps discovered:
D:1:      sevenhm_arrival_forest_fort_large_1, layout_loops_corners,
          hellmonk_ecumenical_altar_zigzags
D:2:      cheibrodos_greedy_goblins, layout_basic
D:3:      layout_basic, serial_shops, nicolae_lakefront_shop,
          grunt_decor_fettered, uniq_terence
D:4:      layout_loops_ring, nicolae_figureground_pulse, uniq_menkaure
D:5:      minmay_diamond_boxcup, layout_rooms, minmay_temple_entry_offerings,
          chequers_serial_rivers_micro_e, corexii_corridor_pit,
          chequers_serial_rivers_large_b, uniq_eustachio
D:6:      layout_gridville, portal_sewer_entry_a
D:7:      layout_basic, serial_shops, kennysheep_mini_moat,
          nicolae_lakefront_shop, shop
D:8:      minmay_blocky_corners, layout_gridville, elyvilon_altar_1,
          lair_entry_dummy, st_stairs_8
D:9:      layout_big_octagon
D:10:     layout_loops_ring, enter_bailey_2, serial_shops, shop_coins
D:11:     layout_roguey [special_room_kobold], orc_0_dummy, serial_shops,
          nicolae_square_shop, nicolae_shop_window_shopping, shop_fountains,
          nicolae_take_the_stairs, uniq_erolcha, uniq_gastronok, uniq_harold
D:13:     layout_roguey, erik_vaults_1, portal_ice_cave_entry_pillars_2,
          gauntlet_entry_generic
D:14:     layout_roguey, nicolae_dithmenos_through_a_glass_darkly,
          nrook_guardian_serpent_ordinary
Temple:   kilobyte_greek_temple

Skill      XL: |  1  2  3  4  5  6  7  8  9 10 11 12 |
---------------+-------------------------------------+-----
Fighting       | 4 5 6 8 9 10 | 10.1
Shields        | 4 5 6 8 10 11 12 | 12.9
Armour         | 4 5 6 7 9 10 11 12 | 12.1
Long Blades    | 4 5 6 7 9 10 11 13 14 | 14.0
Dodging        | 1 2 3 4 5 |  5.1
Stealth        | 1 |  1.9
Invocations    | 1 2 3 |  3.5
Maces & Flails | 1 2 |  2.2
Evocations     | |  0.9

Action                   |  1- 3 |  4- 6 |  7- 9 | 10-12 || total
-------------------------+-------+-------+-------+-------++-------
Melee: Long sword        |    79 |    40 |   315 |   476 ||   910
       Headbutt          |     6 |     7 |    63 |   124 ||   200
       Morningstar       |       |       |       |     4 ||     4
Invok: Heroism           |       |       |     3 |    27 ||    30
Evoke: Wand              |       |       |       |     1 ||     1
  Use: Scroll            |     3 |       |     8 |    13 ||    24
       Potion            |     1 |       |       |     8 ||     9
 Stab: Distracted        |       |       |     1 |       ||     1
       Invisible         |       |       |       |     2 ||     2
Armor: Scale mail        |    29 |       |       |       ||    29
       Chain mail        |       |    13 |   195 |   219 ||   427
Dodge: Dodged            |    46 |     8 |   122 |   215 ||   391
Block: Buckler           |    18 |    23 |   192 |   366 ||   599
       Reflection        |       |     1 |     6 |    47 ||    54
